 Dungeon Crawl Stone Soup version 0.21.1-1-g345015fe64 (webtiles) character file.

175 GingerOwl the Slasher (level 5, -7/32 HPs)
             Began as a Gargoyle Fighter on Mar 12, 2018.
             Mangled by an ogre
             ... wielding a +0 giant spiked club
              (17 damage)
             ... on level 4 of the Dungeon.
             The game lasted 00:16:21 (2891 turns).

GingerOwl the Slasher (Gargoyle Fighter)            Turns: 2891, Time: 00:16:22

Health: -7/32      AC:  5    Str: 20    XL:     5   Next: 55%
Magic:  5/5        EV:  8    Int:  8    God:
Gold:   116        SH:  9    Dex: 10    Spells: 4/4 levels left

rFire    . . .     SeeInvis .   e - +2 spear (freeze)
rCold    . . .     Gourm    .   c - +0 shield
rNeg     + . .     Faith    .   (no armour)
rPois    ∞         Spirit   .   (no helmet)
rElec    +         Reflect  .   p - +0 cloak
rCorr    .         Harm     .   (no gloves)
MR       .....                  (no boots)
Stlth    +.........             (no amulet)
HPRegen  0.10/turn              (no ring)
MPRegen  0.09/turn              (no ring)

@: no status effects
A: negative energy resistance 1, electricity resistance, unbreathing,
petrification resistance, rot immunity, AC +4
a: no special abilities


You were on level 4 of the Dungeon.
You were hungry.

You visited 1 branch of the dungeon, and saw 4 of its levels.

You collected 116 gold pieces.

Inventory:

Hand Weapons
 a - a +0 long sword
 e - a +2 spear of freezing (weapon)
 j - a cursed -1 mace
 o - a +2 quarterstaff of chaos
Armour
 b - a +0 scale mail
 c - a +0 shield (worn)
 l - a +0 chain mail
 p - a +0 cloak (worn)
 q - a +0 ring mail
 u - a +2 ring mail of cold resistance
Scrolls
 r - a scroll of immolation {unknown}
 s - a scroll of fear {unknown}
 t - a scroll of remove curse
Potions
 d - 2 potions of might
 g - 2 potions of ambrosia {unknown}
 h - 3 potions of degeneration {unknown}
 i - a potion of resistance {unknown}
 m - a potion of haste {unknown}
 n - 2 potions of curing {unknown}
Comestibles
 f - 9 rations


   Skills:
 - Level 3.2 Fighting
 - Level 5.1 Long Blades
 + Level 3.2 Armour
 - Level 3.2 Shields


You had 4 spell levels left.
You didn't know any spells.

Dungeon Overview and Level Annotations

Branches:
Dungeon (4/15)
 Temple: D:4-7

Altars:
Cheibriados
Yredelemnul
Zin


Innate Abilities, Weirdness & Mutations

You are resistant to torment.
Your stone body is resilient. (AC +4)
You are immune to poison.
You resist negative energy. (rN+)
You are resistant to electric shocks. (rElec)
You can survive without breathing.
You are immune to petrification.
You are immune to rotting.


Message History

[Y]es or [N]o only, please.
Keep disrobing? [Y]es or [N]o only, please.
Keep disrobing?
Uppercase [Y]es or [N]o only, please.
Keep disrobing?
You start removing your armour.
You continue taking off your +0 chain mail. x4
You finish taking off your +0 chain mail.
You puncture the ogre! You freeze the ogre.
The ogre is moderately wounded.
The ogre hits you with a giant spiked club!!
Ouch! That really hurt!
You block the ogre's attack.
Keep equipping yourself?
You start putting on your armour.
You continue putting on your +2 ring mail of cold resistance.
The ogre hits you with a giant spiked club!
Ouch! That really hurt!
You die...

##########
#.@O......
#.######## #.#
#.# #.# #.#
#.# #.# #####
###
#.######...###
#..


You could see an ogre.

Vanquished Creatures
  Crazy Yiuf (D:2)
  Natasha (D:4)
  Ijyb (D:4)
  An adder (D:3)
  3 adder skeletons (D:4)
  2 worms (D:2)
  2 dart slugs
  4 leopard geckos
  4 orcs
  A ball python (D:2)
  5 bats
  6 giant cockroaches
  6 goblins
  5 hobgoblins
  4 frilled lizards
  3 kobolds
  16 rats
65 creatures vanquished.

Notes
Turn   | Place    | Note
-------+----------+-------------------------------------------
     0 | D:1      | GingerOwl the Gargoyle Fighter began the quest for the Orb.
     0 | D:1      | Reached XP level 1. HP: 14/14 MP: 1/1
    82 | D:1      | Reached skill level 2 in Long Blades
   260 | D:1      | Reached XP level 2. HP: 19/19 MP: 2/2
   806 | D:1      | Reached skill level 3 in Long Blades
  1063 | D:2      | Reached XP level 3. HP: 23/23 MP: 3/3
  1603 | D:2      | Found a runed door.
  1607 | D:2      | Noticed Crazy Yiuf
  1612 | D:2      | Killed Crazy Yiuf
  1612 | D:2      | Reached skill level 4 in Long Blades
  1612 | D:2      | Reached XP level 4. HP: 14/28 MP: 4/4
  1898 | D:3      | Found a basalt altar of Yredelemnul.
  2156 | D:3      | Found a snail-covered altar of Cheibriados.
  2324 | D:4      | Reached XP level 5. HP: 32/32 MP: 5/5
  2489 | D:4      | Found a glowing silver altar of Zin.
  2579 | D:4      | Noticed Ijyb
  2582 | D:4      | Noticed Natasha
  2582 | D:4      | Paralysed by Ijyb for 5 turns
  2607 | D:4      | Killed Ijyb
  2609 | D:4      | Killed Natasha
  2609 | D:4      | Reached skill level 5 in Long Blades
  2883 | D:4      | Noticed an ogre
  2891 | D:4      | Mangled by an ogre

Skill      XL: |  1  2  3  4  5 |
---------------+----------------+-----
Long Blades    | 2 3 4 5 |  5.1
Fighting       | |  3.2
Armour         | |  3.2
Shields        | |  3.2

Action                   |  1- 3 |  4- 6 || total
-------------------------+-------+-------++-------
Melee: Long sword        |    48 |       ||    48
       Spear             |    97 |    99 ||   196
  Use: Scroll            |     3 |     2 ||     5
       Potion            |       |     1 ||     1
  Eat: Chunk             |     2 |     4 ||     6
Armor: Scale mail        |    35 |       ||    35
       Chain mail        |    35 |    51 ||    86
Dodge: Dodged            |    26 |    13 ||    39
Block: Shield            |    55 |    43 ||    98
       Rpst.: Long sword |     3 |       ||     3
